 Dungeon Crawl Stone Soup version 0.25.1-2-g60ff931df9 (webtiles) character file.

Game seed: 1538491845774712430

313 Exodus22XD the Slasher (level 6, -2/48 HPs)
             Began as a Human Berserker on Oct 17, 2020.
             Was a Believer of Trog.
             Killed from afar by an orc wizard (8 damage)
             ... with a magic dart
             ... on level 4 of the Dungeon.
             The game lasted 00:04:11 (3768 turns).

Exodus22XD the Slasher (Human Berserker)            Turns: 3768, Time: 00:04:12

Health: -2/48      AC:  8    Str: 19    XL:     6   Next: 71%
Magic:  6/6        EV: 11    Int:  7    God:    Trog [**....]
Gold:   194        SH:  0    Dex: 19    Spells: 5/5 levels left

rFire    . . .     SeeInvis .   a - +0 falchion
rCold    . . .     Gourm    .   (no shield)
rNeg     . . .     Faith    .   g - +0 scale mail
rPois    .         Spirit   .   (no helmet)
rElec    .         Reflect  .   s - +0 cloak
rCorr    .         Harm     .   (no gloves)
MR       ++...                  (no boots)
Stlth    ..........             (no amulet)
HPRegen  1.16/turn              r - +6 ring of dexterity
MPRegen  0.10/turn              (no ring)

@: berserk cooldown, regenerating, slowed, very slow
A: no striking features
a: Berserk, Trog's Hand, Renounce Religion


You were on level 4 of the Dungeon.
You worshipped Trog.
Trog was pleased with you.
You were hungry.

You visited 1 branch of the dungeon, and saw 4 of its levels.

You collected 194 gold pieces.

Inventory:

Hand Weapons
 a - a +0 falchion (weapon)
Armour
 g - a +0 scale mail (worn)
 s - a +0 cloak (worn)
Jewellery
 r - a +6 ring of dexterity (left hand)
 t - an uncursed amulet of reflection {unknown}
Wands
 o - a wand of acid (9)
Scrolls
 b - 2 scrolls of teleportation {unknown}
 d - 3 scrolls of remove curse {unknown}
 f - 6 scrolls of identify {unknown}
 i - a scroll of random uselessness {unknown}
 j - 3 scrolls of amnesia {unknown}
 k - a scroll of enchant armour {unknown}
 m - a scroll of blinking {unknown}
 n - a scroll of enchant weapon {unknown}
 p - a scroll of fog {unknown}
Potions
 e - 3 potions of flight {unknown}
 h - a potion of magic {unknown}
 l - 2 potions of curing {unknown}
 q - a potion of ambrosia {unknown}
Comestibles
 c - 7 rations
 u - a chunk of flesh


   Skills:
 + Level 4.0 Fighting
 + Level 5.3 Long Blades
 + Level 3.3 Armour
 + Level 2.7 Dodging


You had 5 spell levels left.
You didn't know any spells.
Your spell library was empty.

Dungeon Overview and Level Annotations

Branches:
Dungeon (4/15)
 Temple: D:4-7

Altars:
Cheibriados
Okawaru


Message History

The orc throws a boomerang.
The boomerang hits you.
* * * LOW HITPOINT WARNING * * *
The weapon returns to the orc!
The orc wizard hits you with a +0 dagger.
* * * LOW HITPOINT WARNING * * *
The orc throws a boomerang.
The boomerang hits you.
* * * LOW HITPOINT WARNING * * *
The weapon returns to the orc!
You hit the orc wizard but do no damage.
The orc wizard is heavily wounded.
The orc wizard points at you and mumbles some strange words.
The magic dart hits you.
* * * LOW HITPOINT WARNING * * *
The orc wizard points at you and mumbles some strange words.
The puff of frost hits you but does no damage.
The orc throws a boomerang.
The boomerang closely misses you.
The weapon returns to the orc!
The orc wizard points at you and mumbles some strange words.
The magic dart hits you!
You die...

. #........#
..#...#....# ......#
#.....#.#### ......#
.#......# .....$#
........####.......#
...................#
..###o..#####......#
. #.#..####......#
#..##..รท@.## #.#
#####o.####### ..
##.#.....# ..#
#.#.....# #.#.....#
...#########.......#
....%..).).........#
..h..#########.....#
#.. #.....#


You could see an orc wizard (fast) and an orc.

Vanquished Creatures
  An ogre (D:4)
  2 howler monkeys (D:4)
  An orc priest (D:2)
  2 adders (D:4)
  An ooze (D:2)
  An adder skeleton (D:4)
  7 dart slugs
  2 leopard geckos
  9 orcs
  4 giant cockroaches
  3 goblins
  5 hobgoblins
  4 jackals (D:1)
  2 quokkas
  A ball python (D:1)
  8 bats
  4 frilled lizards
  4 kobolds
  12 rats
73 creatures vanquished.

Notes
Turn   | Place    | Note
-------+----------+-------------------------------------------
     0 | D:1      | Exodus22XD the Human Berserker began the quest for the Orb.
     0 | D:1      | Reached XP level 1. HP: 18/18 MP: 1/1
   195 | D:1      | Reached XP level 2. HP: 23/24 MP: 2/2
   921 | D:1      | Reached XP level 3. HP: 25/29 MP: 3/3
  1168 | D:1      | Reached ** piety under Trog
  1980 | D:2      | Reached XP level 4. HP: 36/36 MP: 4/4
  2080 | D:2      | Found a snail-covered altar of Cheibriados.
  2213 | D:2      | Reached skill level 4 in Long Blades
  2239 | D:2      | Reached XP level 5. HP: 10/42 MP: 5/5
  2553 | D:2      | Found an iron altar of Okawaru.
  3616 | D:4      | Noticed an ogre
  3625 | D:4      | Killed an ogre
  3625 | D:4      | Reached skill level 5 in Long Blades
  3625 | D:4      | Reached XP level 6. HP: 6/48 MP: 6/6
  3768 | D:4      | Killed from afar by an orc wizard

Illustrated notes

Levels and vault maps discovered:
D:1:      lightli_arrival_statue_moat, layout_basic, hex_medium
D:2:      cheibrodos_pilgrimage, layout_basic, lemuel_doored_altar,
          old_standard_altar
D:3:      layout_basic
D:4:      layout_rooms, first_ration, serial_shops,
          nicolae_shop_competitors_out_of_business

Skill      XL: |  1  2  3  4  5 |
---------------+----------------+-----
Long Blades    | 4 5 |  5.3
Fighting       | 4 |  4.0
Armour         | 3 |  3.3
Dodging        | |  2.7

Action                   |  1- 3 |  4- 6 || total
-------------------------+-------+-------++-------
Melee: Falchion          |   121 |   140 ||   261
Invok: Berserk           |     1 |     4 ||     5
       Trog's Hand       |       |     1 ||     1
 Stab: Sleeping          |     2 |       ||     2
  Eat: Chunk             |     3 |     7 ||    10
       Ration            |       |     1 ||     1
Armor: Animal skin       |    19 |       ||    19
       Scale mail        |    10 |    56 ||    66
Dodge: Dodged            |    78 |    78 ||   156
       Rpst.: Falchion   |    24 |    19 ||    43
